 Dungeon Crawl Stone Soup version 0.29-a0-997-gf6f7e2dfe7 (webtiles) character file.

Game seed: 10978887078203451174

58 gelatine the Scratcher (level 3, -1/15 HPs)
             Began as a Felid Transmuter on Aug 4, 2022.
             Slain by a kobold
             ... wielding a +0 whip
              (5 damage)
             ... on level 3 of the Dungeon.
             The game lasted 00:06:52 (2371 turns).

gelatine the Scratcher (Felid Transmuter)           Turns: 2371, Time: 00:06:52

Health: -1/15      AC:  5    Str:  6    XL:     3   Next: 75%
Magic:  3/8        EV: 17    Int: 16    God:
Gold:   142        SH:  0    Dex: 16    Spells: 3/7 levels left
                                        Lives:  0   Deaths: 0

rFire   . . .      SeeInvis +     - Unarmed
rCold   . . .      Faith    .   (shield unavailable)
rNeg    . . .      Spirit   .   (body armour unavailable)
rPois   .          Reflect  .   (helmet unavailable)
rElec   .          Harm     .   (cloak unavailable)
rCorr   .          Rampage  .   (gloves unavailable)
Will    .....                   (boots unavailable)
Stlth   ++........              (no amulet)
HPRegen 0.05/turn               c - ring of flight
MPRegen 0.11/turn               f - +4 ring of protection

@: appendages (expiring), wereblooded, flying, quick
A: horns 2, very small, claws 1, fangs 3, see invisible, speed 1, shaggy fur 1,
stealthy paws, no weapons or thrown items, no armour, multi-lived
a: End Transformation


You were on level 3 of the Dungeon.
You had temporarily grown beastly horns.
You visited 1 branch of the dungeon, and saw 4 of its levels.

You collected 142 gold pieces.

Inventory:

Jewellery
 c - a ring of flight (left paw)
 f - a +4 ring of protection (right paw)
Scrolls
 e - a scroll of teleportation
Potions
 a - a potion of lignification
 b - 2 potions of curing {unknown}
 d - a potion of might {unknown}
 g - 3 potions of degeneration {unknown}
 h - a potion of cancellation {unknown}
 i - 2 potions of attraction {unknown}
 j - a potion of brilliance {unknown}
 k - a potion of flight {unknown}
 l - a potion of heal wounds {unknown}


   Skills:
 + Level 1.0 Fighting
 + Level 3.1 Dodging
 + Level 0.8 Stealth
 + Level 3.3 Unarmed Combat
 + Level 2.8 Spellcasting
 + Level 0.6 Summonings
 + Level 2.7 Transmutations


You had 3 spell levels left.
You knew the following spells:

 Your Spells              Type           Power      Damage    Failure   Level
a - Beastly Appendage     Tmut           22%        N/A       6%          1
b - Summon Small Mammal   Summ           16%        N/A       16%         1
c - Wereblood             Tmut           11%        N/A       10%         2

Your spell library contained the following spells:

 Spells                   Type           Power      Damage    Failure   Level
 Spider Form              Tmut/Pois      6%         N/A       32%         3
 Call Canine Familiar     Summ           4%         N/A       41%         3
 Summon Guardian Golem    Hex/Summ       3%         N/A       45%         3
 Ice Form                 Ice/Tmut       6%         N/A       71%         4


Dungeon Overview and Level Annotations

Branches:
Dungeon (4/15)
 Temple: D:4-7

Altars:
Xom


Innate Abilities, Weirdness & Mutations

You have temporarily grown beastly horns.
You have sharp claws.
You have razor-sharp teeth.
You have supernaturally acute eyesight. (SInv)
You cover ground quickly. (Speed+)
You are covered in fur. (AC +1)
Your paws help you pounce on unaware monsters.
You are incapable of wielding weapons or throwing items.
You cannot wear armour.
You gain extra lives every three experience levels.


Message History

You headbutt the adder.
The adder is moderately wounded.
You feel sick. The adder closely misses you.
You scratch the adder. You headbutt the adder.
The adder is almost dead.
You feel sick. The adder barely misses you. x2
You closely miss the adder.
The adder is almost dead.
You feel sick. The hobgoblin barely misses you. The adder barely misses you.
Casting: Beastly Appendage (safe; 6% risk of failure)
Confirm with . or Enter, or press ? or * to list all spells.
Your blood is infused with primal strength.
You feel sick. The hobgoblin barely misses you. The adder misses you.
You closely miss the hobgoblin. Your headbutt misses the hobgoblin.
You feel sick. The hobgoblin barely misses you. The adder barely misses you.
You scratch the adder.
You feel a bit better.
You kill the adder!
You feel sick. The hobgoblin closely misses you.
You scratch the hobgoblin.
The hobgoblin is moderately wounded.
You feel sick.
You are no longer poisoned.
The hobgoblin hits you.
* * * LOW HITPOINT WARNING * * *
You scratch the hobgoblin.
The hobgoblin is heavily wounded.
You howl as the wereblood boils in your veins!
The kobold completely misses you.
The hobgoblin hits you but does no damage.
You barely miss the hobgoblin.
The hobgoblin is heavily wounded.
The kobold barely misses you. The hobgoblin closely misses you.
Casting: Wereblood (safe; 10% risk of failure)
Confirm with . or Enter, or press ? or * to list all spells.
The kobold misses you. The hobgoblin closely misses you.
Casting: Summon Small Mammal (safe; 16% risk of failure)
Confirm with . or Enter, or press ? or * to list all spells.
Your transformation is almost over.
The kobold hits you with a +0 whip.
You die...

#. ..
.##..
....#
...# ...#
#..# ##
###Kg###
### ##.
#..@...#
..##..
#......#
..#..#
##...rr.#
..#..#
#.......#
.....# #.
#.......#
....# #.#
#.####.##
....# #.#
#.# ...
..###
#.###.#
##.#
..####
#.##..#
..#


You could see a hobgoblin (ally target), a kobold and 2 friendly rats.

Vanquished Creatures
  An adder (D:3)
  4 orcs (D:3)
  5 bats
  7 endoplasms
  3 goblins
  6 hobgoblins
  2 quokkas
  6 ball pythons
  2 kobolds (D:1)
  2 rats
38 creatures vanquished.

Vanquished Creatures (collateral kills)
  A ball python (D:1)
1 creature vanquished.

Grand Total: 39 creatures vanquished

Notes
Turn   | Place    | Note
-------+----------+-------------------------------------------
     0 | D:1      | gelatine the Felid Transmuter began the quest for the Orb.
     0 | D:1      | Reached XP level 1. HP: 9/9 MP: 4/4
   631 | D:1      | Reached XP level 2. HP: 5/12 MP: 4/6
   826 | D:1      | Learned a level 1 spell: Summon Small Mammal
   829 | D:1      | Learned a level 2 spell: Wereblood
  1614 | D:2      | You are sucked into a shaft and drop 2 floors!
  1626 | D:3      | Reached XP level 3. HP: 15/15 MP: 1/7
  1747 | D:2      | Found a shimmering altar of Xom.
  2371 | D:3      | Slain by a kobold

Illustrated notes

Levels and vault maps discovered:
D:1:      saegor_arrival_simple_e, layout_loops_cross, st_stairs_4,
          minmay_box_of_dots
D:2:      layout_basic, basic_altar
D:3:      layout_rooms, trog_hazing_becter, mainiacjoe_overflow_alcove_2,
          dreamdust_ecumenical_altar_drowned_temple, uniq_jessica
D:4:      layout_cave_pools, temple_doors_e, gammafunk_ghost_smash,
          minivault_24, uniq_ijyb

Skill      XL: |  1  2 |
---------------+-------+-----
Dodging        | 3 |  3.1
Fighting       | |  1.0
Stealth        | |  0.8
Unarmed Combat | |  3.3
Spellcasting   | |  2.8
Summonings     | |  0.6
Transmutations | |  2.7

Action                   || total
-------------------------++-------
Melee: Unarmed           ||   101
       Headbutt          ||    18
       Bite              ||     3
       Punch             ||     2
 Cast: Beastly Appendage ||    26
       Summon Small Mamm ||    20
       Wereblood         ||     2
  Use: Scroll            ||     2
 Stab: Sleeping          ||     2
Armor: Skin              ||    25
Dodge: Dodged            ||    82

Table legend: (Time is in decaauts)
 A = Elapsed time spent in this place.
 B = Non-inter-level travel time spent in this place.
 C = Inter-level travel time spent in this place.
 D = Time resting spent in this place.
 E = Time spent auto-exploring this place.
 F = Levels seen in this place.
 G = Mean time per level.
                   A        B        C        D        E       F      G
               +--------+--------+--------+--------+--------+-----+--------+
         Total |   2129 |   2071 |     58 |      4 |   1694 |   4 |  532.2 |
       Dungeon |   2129 |   2071 |     58 |      4 |   1694 |   4 |  532.2 |
               +--------+--------+--------+--------+--------+-----+--------+

Top non-repeatable levels by time:
     D:1: 1245 daAuts
     D:2: 594 daAuts
     D:3: 287 daAuts
     D:4: 2 daAuts
